 Dungeon Crawl Stone Soup version 0.26-a0-30-g56b8cd3df0 (webtiles) character file.

Game seed: 2350376548737410319, levelgen mode: deterministic

30701 vurker the Arsonist (level 12, 0/101 HPs)
             Began as a Demigod Fire Elementalist on June 3, 2020.
             Slain by Rupert
             ... wielding a +4 great mace of protection
              (33 damage)
             ... on level 3 of the Lair of Beasts.
             The game lasted 00:40:16 (21364 turns).

vurker the Arsonist (Demigod Fire Elementalist)    Turns: 21364, Time: 00:40:17

Health: 0/101      AC: 11    Str: 11    XL:     12   Next: 92%
Magic:  8/30       EV: 12    Int: 33    God:
Gold:   744        SH:  5    Dex: 16    Spells: 21/31 levels left

rFire    . . .     SeeInvis .   a - +0 whip (elec)
rCold    . . .     Gourm    .   J - +0 buckler
rNeg     . . .     Faith    .   f - +2 robe {MR+}
rPois    .         Spirit   .   k - +0 helmet
rElec    .         Reflect  .   F - +0 cloak
rCorr    .         Harm     .   (no gloves)
MR       ++...                  i - +0 pair of boots
Stlth    ++........             v - amulet of regeneration
HPRegen  0.66/turn              G - +6 ring of intelligence
MPRegen  0.22/turn              N - +4 ring of protection

@: no status effects
A: high mp 1
a: no special abilities


You were on level 3 of the Lair of Beasts.
You were not hungry.

You visited 2 branches of the dungeon, and saw 14 of its levels.
You visited the Abyss 1 time.
You also visited: Sewer and Ossuary.

You collected 810 gold pieces.
You spent 66 gold pieces at shops.

Inventory:

Hand Weapons
 a - a +0 whip of electrocution (weapon)
   (You took it off Pikel on level 4 of the Dungeon)
Armour
 f - a +2 robe of magic resistance (worn)
   (You took it off Pikel on level 4 of the Dungeon)
 i - a +0 pair of boots (worn)
   (You found it on level 4 of the Dungeon)
 k - a +0 helmet (worn)
   (You found it on level 2 of the Dungeon)
 l - a +1 robe of fire resistance
   (You took it off a goblin on level 2 of the Dungeon)
 F - a +0 cloak (worn)
   (You found it on level 6 of the Dungeon)
 J - a +0 buckler (worn)
   (You found it on level 10 of the Dungeon)
Magical Staves
 E - an uncursed staff of poison
   (You found it on level 6 of the Dungeon)
Jewellery
 g - a +6 ring of strength {unknown}
   (You found it on level 3 of the Lair of Beasts)
 v - an amulet of regeneration (around neck)
   (You found it on level 4 of the Dungeon)
 C - an uncursed ring of protection from fire
   (You found it on level 6 of the Dungeon)
 G - a +6 ring of intelligence (left hand)
   (You found it on level 2 of the Lair of Beasts)
 N - a +4 ring of protection (right hand)
   (You found it on level 1 of the Abyss)
 Q - an uncursed ring of flight
   (You found it on level 1 of the Lair of Beasts)
Wands
 c - a wand of disintegration (4)
   (You found it on level 5 of the Dungeon)
 t - a wand of flame (47)
   (You found it on level 1 of the Lair of Beasts)
 u - a wand of paralysis (12)
   (You found it on level 5 of the Dungeon)
 x - a wand of acid (12)
   (You found it on level 11 of the Dungeon)
 R - a wand of enslavement (12)
   (You found it on level 3 of the Lair of Beasts)
Scrolls
 h - 3 scrolls of teleportation
 j - 7 scrolls of remove curse
 m - 2 scrolls of random uselessness {unknown}
 n - 3 scrolls of enchant weapon {unknown}
 q - 2 scrolls of silence
 s - 3 scrolls of amnesia {unknown}
 y - a scroll of magic mapping {unknown}
 H - 3 scrolls of fog
 I - a scroll of fear
 K - a scroll of acquirement {unknown}
 L - 2 scrolls of enchant armour
 M - a scroll of torment {unknown}
 S - 2 scrolls of blinking {unknown}
Potions
 b - a potion of ambrosia
 d - a potion of lignification
 o - 13 potions of curing
 p - 4 potions of haste
 r - 2 potions of brilliance
 w - 2 potions of mutation
 z - 2 potions of resistance
 A - 2 potions of flight
 B - a potion of magic
 D - 2 potions of cancellation
 P - a potion of heal wounds
Comestibles
 e - 28 rations


   Skills:
 + Level 7.8 Fighting
 - Level 1.7 Dodging
 - Level 1.7 Stealth
 - Level 4.0 Shields
 * Level 10.3 Spellcasting
 * Level 11.0 Conjurations
 * Level 11.3 Fire Magic


You had 21 spell levels left.
You knew the following spells:

 Your Spells              Type           Power        Failure   Level  Hunger
a - Foxfire               Conj/Fire      ####         1%          1    None
q - Sticky Flame          Conj/Fire      ######..     1%          4    None
z - Fireball              Conj/Fire      ######....   1%          5    ##.....

Your spell library contained the following spells:

 Spells                   Type           Power        Failure   Level  Hunger
 Conjure Flame            Conj/Fire      ######..     1%          3    None
 Inner Flame              Hex/Fire       ######..     1%          3    None
 Beastly Appendage        Tmut           ###...       2%          1    None
 Sticks to Snakes         Tmut           ###.....     4%          2    None
 Spider Form              Tmut/Pois      ###.......   9%          3    None
 Ice Form                 Ice/Tmut       ###.....     28%         4    None
 Blade Hands              Tmut           ###.......   61%         5    ##.....


Dungeon Overview and Level Annotations

Branches:
Dungeon (11/15)            Temple (0/1) D:4            Lair (3/6) D:9
 Shoals (0/4) Lair:3        Snake (0/4) Lair:3        Sewer (visited)
Ossuary (visited)
    Orc: D:9-12

Shops:
D:5 *   D:8 *   D:11 !

Annotations:
Lair:1 1 runed translucent door, Utwiqean's ghost, journeyman DEIE
Lair:2 3 runed translucent doors, Eptagon's ghost, journeyman DEFE
Lair:3 Rupert


Innate Abilities, Weirdness & Mutations

You have an increased reservoir of magic. (+10% MP)


Message History

Rupert shouts!
You conjure some foxfire!
The foxfire hits Rupert.
Rupert resists.
You conjure some foxfire!
The foxfire hits Rupert but does no damage.
The foxfire hits the ball python. x2
You kill the ball python!
Rupert says, "My Mum always said: 'Kill them all.'" You conjure some foxfire!
The foxfire hits Rupert but does no damage.
The foxfire hits Rupert.
Rupert resists.
The foxfire hits Rupert but does no damage.
You conjure some foxfire!
The foxfire hits Rupert but does no damage.
Aim: Rupert, wielding a +4 great mace of protection and wearing a +0 chain mail of fire resistance (lightly wounded)
The sticky flame hits Rupert.
Rupert resists.
Rupert is covered in liquid flames!
Rupert burns!
The foxfire hits Rupert but does no damage. x2
You conjure some foxfire!
Rupert burns!
Rupert closely misses you.
Aim: Rupert, wielding a +4 great mace of protection and wearing a +0 chain mail of fire resistance (lightly wounded, covered in liquid flames)
The bolt of acid hits Rupert.
Rupert is splashed with acid.
Rupert burns!
The foxfire hits Rupert.
Rupert resists.
The foxfire hits Rupert.
Rupert completely resists.
Rupert misses you.
You hear the crackle of electricity.
a - a +0 whip of electrocution (weapon)
You hit Rupert but do no damage. Lightning courses through Rupert!
Rupert burns!
Rupert barely misses you.
You hit Rupert but do no damage.
Rupert burns!
Rupert roars wildly at you.
You easily resist.
You hit Rupert but do no damage. Lightning courses through Rupert!
Rupert burns!
Rupert roars madly and goes into a rage!
Rupert goes berserk!
Aim: Rupert, wielding a +4 great mace of protection and wearing a +0 chain mail of fire resistance (heavily wounded, berserk, covered in liquid flames)
The bolt of acid hits Rupert.
Rupert is splashed with acid.
The acid corrodes Rupert!
Rupert burns!
Rupert stops burning.
Rupert hits you with a +4 great mace of protection!
Rupert barely misses you.
Aim: Rupert, wielding a +4 great mace of protection and wearing a +0 chain mail of fire resistance (heavily wounded, berserk, covered in acid)
The bolt of acid misses Rupert.
Rupert barely misses you.
Okay, then.
The fireball explodes!
The fireball engulfs Rupert!
Rupert resists.
Rupert hits you with a +4 great mace of protection!!
The fireball explodes!
The fireball engulfs Rupert!
Rupert resists.
Rupert hits you with a +4 great mace of protection!!
* * * LOW HITPOINT WARNING * * *
Unknown command.
The fireball explodes!
The fireball engulfs Rupert!
Rupert resists.
Rupert hits you with a +4 great mace of protection!!
You die...

...........................#
...........................#
..........................##
.........)................#
....##P.####..............##
.....###.###.....#####.....#
.....#....#.....## .##...##
....#.....##....##. .##....#
....#.....#.....@#...P#...##
....#...........@#........#
..........#.....)#........P#
....P................#....##
.....######......#P..#.....
....#.#.PPP.....##P.@.....#
....รท.....................#
...........................
...........................


You could see Rupert (berserk, corroded).

Vanquished Creatures
  Snorg (D:11)
  3 death yaks (D:9)
  A tengu warrior (D:10)
  2 hydras
  5 two-headed ogres
  Nergalle (D:11)
  Sonja (D:10)
  Pikel (D:4)
  An ugly thing (D:11)
  A cyclops (D:11)
  A merfolk siren (Lair:3)
  4 black mambas
  3 spiny frogs
  A rime drake (Lair:3)
  Maggie (D:6)
  An efreet (D:11)
  A troll (D:10)
  Grinder (D:3)
  9 blink frogs
  7 hippogriffs
  Sigmund (D:2)
  7 wyverns
  12 yaks
  Eustachio (D:5)
  A steam dragon (Lair:3)
  2 basilisks
  15 water moccasins
  5 porcupines
  Duvessa (D:6)
  3 black bears
  An ice beast (D:5)
  6 sky beasts
  An orc warrior (D:11)
  4 phantoms
  A necrophage (D:8)
  2 slaves
  3 wolves (Lair:3)
  5 ogres
  8 centaurs
  10 crocodiles
  2 elf zombies (Ossuary)
  Blork the orc (D:6)
  16 bullfrogs
  A water moccasin zombie (D:11)
  Dowan (D:6)
  A water moccasin skeleton (D:5)
  4 scorpions
  5 wights (D:5)
  14 killer bees
  3 howler monkeys
  5 crimson imps
  6 hounds
  3 centaur zombies
  2 jellies
  3 orc priests
  A human zombie (Ossuary)
  3 centaur skeletons
  4 bullfrog skeletons (D:5)
  5 orc wizards
  Terence (D:2)
  4 iguanas
  9 hell rats
  12 worker ants
  A killer bee zombie (D:8)
  2 big kobold zombies (Ossuary)
  A hound zombie (D:6)
  2 mummies (Ossuary)
  4 gnolls
  2 howler monkey skeletons
  A howler monkey zombie (D:9)
  6 river rats
  19 adders
  A shadow imp (D:11)
  2 adder zombies (Ossuary)
  A worm (D:3)
  2 dart slugs (D:1)
  4 leopard geckos
  35 orcs
  4 ball pythons
  6 giant cockroaches
  10 goblins
  7 hobgoblins
  11 jackals
  9 kobolds
  10 quokkas
  9 bats
  2 frilled lizards
  2 goblin zombies (Ossuary)
  7 hobgoblin zombies (Ossuary)
  A jackal zombie (Ossuary)
  10 kobold zombies (Ossuary)
  A leopard gecko skeleton (D:6)
  7 orc zombies (Ossuary)
  15 rats
  2 rat zombies (Ossuary)
437 creatures vanquished.

Vanquished Creatures (others)
  A slave (D:4)
  A frilled lizard (D:4)
  1603 foxfires
  3 fungi
  9 plants
1617 creatures vanquished.

Grand Total: 2054 creatures vanquished

Notes
Turn   | Place    | Note
-------+----------+-------------------------------------------
     0 | D:1      | vurker the Demigod Fire Elementalist began the quest for
                  | the Orb.
     0 | D:1      | Reached XP level 1. HP: 14/14 MP: 5/5
    74 | D:1      | Reached skill level 1 in Conjurations
   235 | D:1      | Reached XP level 2. HP: 20/20 MP: 4/7
  1184 | D:2      | Noticed Terence
  1193 | D:2      | Killed Terence
  1193 | D:2      | Reached XP level 3. HP: 20/27 MP: 0/9
  1757 | D:2      | Reached skill level 1 in Fighting
  2019 | D:2      | Noticed Sigmund
  2035 | D:2      | Killed Sigmund
  2035 | D:2      | Reached XP level 4. HP: 35/35 MP: 2/11
  2035 | D:2      | Reached XP level 5. HP: 40/40 MP: 2/12
  2907 | D:3      | Reached XP level 6. HP: 48/48 MP: 11/14
  3179 | D:3      | Noticed Grinder
  3185 | D:3      | Killed Grinder
  3369 | D:3      | Learned a level 4 spell: Sticky Flame
  3375 | D:3      | Learned a level 5 spell: Fireball
  3478 | D:3      | Found a radiant altar of Vehumet.
  3500 | D:3      | Found a basalt altar of Yredelemnul.
  3786 | D:3      | Reached XP level 7. HP: 55/56 MP: 5/16
  4170 | D:4      | Noticed Pikel
  4347 | D:4      | Killed Pikel
  4347 | D:4      | Reached skill level 5 in Fire Magic
  4537 | D:4      | Found a staircase to the Ecumenical Temple.
  4796 | D:4      | Found a sand-covered staircase.
  4804 | Ossuary  | Entered an ossuary
  5005 | Ossuary  | Reached XP level 8. HP: 63/63 MP: 13/18
  5265 | Ossuary  | Reached skill level 5 in Conjurations
  5287 | Ossuary  | Reached skill level 5 in Spellcasting
  5878 | D:5      | Entered Level 5 of the Dungeon
  5878 | D:5      | Found a bloodstained altar of Trog.
  5881 | D:5      | Noticed Eustachio
  5893 | D:5      | Killed Eustachio
  6003 | D:5      | Noticed a two-headed ogre
  6011 | D:5      | Killed a two-headed ogre
  6124 | D:5      | Reached XP level 9. HP: 55/71 MP: 21/21
  6171 | D:5      | Found a glowing drain.
  6182 | Sewer    | Entered a sewer
  6382 | D:5      | Found Efeoz's Elemental Accessories.
  7688 | D:6      | Found a shimmering blue altar of Sif Muna.
  7892 | D:6      | Found a white marble altar of Elyvilon.
  7902 | D:6      | Noticed Blork the orc
  7910 | D:6      | Killed Blork the orc
  8018 | D:6      | Noticed Maggie
  8031 | D:6      | Killed Maggie
  8164 | D:6      | Got a dazzling scale mail
  8252 | D:6      | Identified the +2 scale mail of the Great Game {Str+4} (You
                  | found it on level 6 of the Dungeon)
  8375 | D:6      | Noticed Dowan
  8380 | D:6      | Noticed Duvessa
  8392 | D:6      | Killed Duvessa
  8394 | D:6      | Killed Dowan
  8984 | D:7      | Found a shimmering blue altar of Sif Muna.
  9127 | D:7      | Reached skill level 5 in Fighting
  9573 | D:7      | Reached XP level 10. HP: 56/81 MP: 13/24
  9912 | D:7      | Found a bloodstained altar of Trog.
 10313 | D:8      | Found Daptenk's Assorted Antiques.
 10320 | D:8      | Bought a scroll of identify for 46 gold pieces
 10320 | D:8      | Bought a puce potion for 20 gold pieces
 10465 | D:8      | Noticed a two-headed ogre
 10483 | D:8      | Killed a two-headed ogre
 11837 | D:9      | Noticed a death yak
 11842 | D:9      | Noticed a death yak
 11967 | D:9      | Found a staircase to the Lair.
 11969 | D:9      | Noticed a death yak
 12311 | D:9      | Killed a death yak
 12576 | D:9      | Killed a death yak
 12576 | D:9      | Reached XP level 11. HP: 68/89 MP: 17/27
 12598 | D:9      | Killed a death yak
 13369 | D:10     | Entered Level 10 of the Dungeon
 14172 | D:10     | Noticed a two-headed ogre
 14179 | D:10     | Killed a two-headed ogre
 14179 | D:10     | Reached skill level 1 in Shields
 14306 | D:10     | Noticed Sonja
 14307 | D:10     | Cast into level 1 of the Abyss (Sonja)
 14319 | D:10     | Escaped the Abyss
 14325 | D:10     | Killed Sonja
 14402 | D:10     | Noticed a tengu warrior
 14421 | D:10     | Killed a tengu warrior
 14751 | D:11     | Found Irujibi's Distillery.
 14897 | D:11     | Noticed a two-headed ogre
 14910 | D:11     | Killed a two-headed ogre
 15338 | D:11     | HP: 3/91 [cyclops/large rock (4)]
 15350 | D:11     | Reached skill level 10 in Fire Magic
 15929 | D:11     | Noticed Nergalle
 15940 | D:11     | Killed Nergalle
 16113 | D:11     | Noticed Snorg
 16124 | D:11     | Killed Snorg
 16124 | D:11     | Reached XP level 12. HP: 67/97 MP: 9/29
 16147 | D:11     | Reached skill level 10 in Conjurations
 16743 | Lair:1   | Entered Level 1 of the Lair of Beasts
 16749 | Lair:1   | Found a runed translucent door.
 16749 | Lair:1   | Identified the +9 spear "Glorpo" {pain, *Drain rF+ rC+++
                  | Int+4}
 16925 | Lair:1   | Noticed a five-headed hydra
 16932 | Lair:1   | Killed a five-headed hydra
 17834 | Lair:1   | Noticed Utwiqean's ghost (journeyman DEIE)
 18592 | Lair:2   | You fall into a shaft and drop 1 floor!
 18743 | Lair:3   | Noticed Rupert
 18826 | Lair:3   | Noticed a five-headed hydra
 18965 | Lair:2   | Found a runed translucent gate.
 18965 | Lair:2   | Found a runed translucent gate.
 18965 | Lair:2   | Found a runed translucent gate.
 19077 | Lair:2   | Noticed an ice dragon
 19077 | Lair:2   | Noticed Eptagon's ghost (journeyman DEFE)
 19386 | Lair:2   | Reached skill level 10 in Spellcasting
 19791 | Lair:3   | Killed a five-headed hydra
 20378 | Lair:3   | Found a staircase to the Snake Pit.
 20678 | Lair:3   | Found a staircase to the Shoals.
 21364 | Lair:3   | Slain by Rupert

Illustrated notes

Levels and vault maps discovered:
D:1:      dpeg_arrival_stone_temple_mockup, layout_basic
D:2:      layout_loops_corners, uniq_terence, uniq_sigmund
D:3:      layout_loops_corners, nicolae_overflow_hidden_temple,
          lemuel_doored_altar, uniq_grinder
D:4:      layout_loops_ring, minmay_temple_entry_stoned_glass,
          chequers_ossuary_entry_cave, uniq_pikel
D:5:      minmay_chambers_of_threes, layout_basic, lemuel_round_altar,
          portal_sewer_entry_d, first_ration, nicolae_elemental_shop,
          uniq_eustachio
D:6:      layout_loops_ring, nicolae_overflow_crystal_walls, basic_altar,
          uniq_maggie, uniq_duvessa, uniq_blork_the_orc
D:7:      layout_loops_cross, basic_altar, st_stairs_4, trog_ov_bears_minmay
D:8:      layout_basic, serial_shops, nicolae_shop_trees, minmay_misc_feat_tower
D:9:      layout_loops_ring, dpeg_lair_monsters
D:10:     layout_basic, grunt_tengu_nest, uniq_sonja
D:11:     layout_irregular_city, serial_shops, shop, minmay_between, uniq_snorg,
          uniq_nergalle
Lair:1:   layout_roguey, ebering_ghost_funeral_grove, kennysheep_abandoned_house
Lair:2:   layout_misc_corridors, gammafunk_ghost_icy
Lair:3:   layout_regular_city, minmay_shoals_entry_lonely_mermaid,
          minmay_snake_entry_six_corridors, serial_bayou_pond_a, uniq_rupert

Skill      XL: |  1  2  3  4  5  6  7  8  9 10 11 12 |
---------------+-------------------------------------+-----
Conjurations   | 1 2 3 4 6 7 8 9 11 | 11.0
Spellcasting   | 2 3 4 5 6 8 9 10 | 10.3
Fire Magic     | 3 4 5 6 7 9 10 11 | 11.3
Fighting       | 1 2 3 4 5 6 7 |  7.8
Shields        | 3 4 |  4.0
Dodging        | |  1.7
Stealth        | |  1.7

Action                   |  1- 3 |  4- 6 |  7- 9 | 10-12 || total
-------------------------+-------+-------+-------+-------++-------
Melee: Unarmed           |    11 |       |       |       ||    11
       Dagger            |    38 |    33 |       |       ||    71
       Whip              |       |       |   151 |   123 ||   274
       Staff             |       |       |       |    14 ||    14
 Cast: Foxfire           |    73 |    92 |   303 |   666 ||  1134
       Sticky Flame      |       |       |    20 |   143 ||   163
       Fireball          |       |       |       |    22 ||    22
Evoke: Wand              |       |       |       |    23 ||    23
  Use: Scroll            |       |     8 |     6 |    11 ||    25
       Potion            |       |       |       |     6 ||     6
 Stab: Sleeping          |     2 |     1 |     4 |     3 ||    10
  Eat: Chunk             |     4 |     5 |    17 |    34 ||    60
       Ration            |       |       |     1 |     3 ||     4
Armor: Robe              |    28 |    13 |    72 |   122 ||   235
Dodge: Dodged            |    59 |    30 |   135 |   285 ||   509
Block: Buckler           |       |       |       |    34 ||    34

Table legend:
 A = Non-vault XP
 B = Vault XP
 C = Vault XP percentage of total XP
 D = Non-vault monster count
 E = Vault monster count
 F = Vault count percentage of total count
                 A         B        C        D         E       F
            +---------+---------+-------+---------+---------+-------
      Total |   29107 |   14752 |  33.6 |     310 |     125 |  28.7
            +---------+---------+-------+---------+---------+-------
        D:1 |      47 |       0 |   0.0 |      26 |       0 |   0.0
        D:2 |      29 |     267 |  90.2 |      11 |       2 |  15.4
        D:3 |     244 |     286 |  54.0 |      44 |       1 |   2.2
        D:4 |     284 |     651 |  69.6 |       6 |       1 |  14.3
        D:5 |    1471 |     532 |  26.6 |      13 |      10 |  43.5
        D:6 |     922 |     699 |  43.1 |      19 |       4 |  17.4
        D:7 |     736 |     486 |  39.8 |      18 |       5 |  21.7
        D:8 |    2882 |       0 |   0.0 |      35 |       0 |   0.0
        D:9 |    1931 |    2879 |  59.9 |      26 |      11 |  29.7
       D:10 |    2225 |    1718 |  43.6 |      19 |       2 |   9.5
       D:11 |    6354 |    2587 |  28.9 |      37 |       7 |  15.9
     Lair:1 |    2107 |     702 |  25.0 |      11 |      17 |  60.7
     Lair:2 |    3802 |     140 |   3.6 |      17 |       1 |   5.6
     Lair:3 |    6073 |    3280 |  35.1 |      28 |      19 |  40.4
      Sewer |       0 |     111 | 100.0 |       0 |       6 | 100.0
    Ossuary |       0 |     414 | 100.0 |       0 |      39 | 100.0
            +---------+---------+-------+---------+---------+-------
